 Dungeon Crawl Stone Soup version 0.31.0-4-g52a2dc7128 (webtiles) character file.

Game seed: 13867584559794842150

4785 Aldia the Cleaver (level 10, -2/79 HPs)
             Began as a Gnoll Reaver on Jan 21, 2024.
             Was a Believer of Lugonu.
             Slain by an orc priest
             ... wielding a +1 mace of holy wrath
              (6 damage)
             ... while paralysed by a hornet
             ... on level 8 of the Dungeon.
             The game lasted 00:18:54 (8514 turns).

Aldia the Cleaver (Gnoll Reaver)                    Turns: 8514, Time: 00:18:54

Health: -2/79      AC:  7    Str: 12    XL:     10   Next: 47%
Magic:  21/21      EV:  2    Int: 16    God:    Lugonu [**....]
Gold:   413        SH:  0    Dex: 11    Spells: 8/24 levels left

rFire   + . .        K - +4 trident (drain)
rCold   . . .        (no shield)
rNeg    . . .        u - +0 troll leather armour
rPois   .            (no helmet)
rElec   .            (no cloak)
rCorr   .            H - +2 pair of gloves
SInv    .            (no boots)
Will    .....        l - amulet of the acrobat
Stlth   +++          o - +5 ring of evasion
HPRegen 1.13/turn    c - ring of protection from fire
MPRegen 0.17/turn

%: acrobat
@: paralysed, slowed
A: fangs 1, strong nose, distributed training
a: Renounce Religion, Depart the Abyss, Banish


You were on level 8 of the Dungeon.
You worshipped Lugonu.
Lugonu was pleased with you.
You visited 2 branches of the dungeon, and saw 11 of its levels.
You also visited: Ossuary.

You collected 413 gold pieces.

Inventory:

Hand Weapons
 a - a +0 hand axe
 t - a +0 spear of pain
 E - a +2 hand axe of electrocution
 K - a +4 trident of draining (weapon)
Armour
 b - a +0 leather armour
 e - a +0 ring mail
 q - a +2 robe of cold resistance
 s - a +1 scale mail
 u - a +0 troll leather armour (worn)
 H - a +2 pair of gloves (worn)
 L - an orb of mayhem
Jewellery
 c - a ring of protection from fire (right hand)
 l - an amulet of the acrobat (around neck)
 o - a +5 ring of evasion (left hand)
 J - a ring of see invisible
Talismans
 G - a beast talisman
Wands
 F - a wand of mindburst (14)
 I - a wand of paralysis (8)
 N - a wand of digging (7)
Scrolls
 i - 3 scrolls of blinking
 k - a scroll of enchant armour
 p - a scroll of immolation
 v - a scroll of silence {unknown}
 w - 4 scrolls of noise
 x - a scroll of fog {unknown}
 y - a scroll of poison
 B - a scroll of fear {unknown}
 C - a scroll of revelation {unknown}
 D - a scroll of vulnerability
Potions
 d - 3 potions of lignification
 f - 4 potions of might
 g - 3 potions of berserk rage
 h - 2 potions of enlightenment
 j - 2 potions of heal wounds
 m - a potion of cancellation
 n - 2 potions of brilliance {unknown}
 r - 5 potions of curing
 z - 2 potions of invisibility
 A - 2 potions of attraction
 M - a potion of haste {unknown}


   Skills:
 + Level 7.2 Fighting
 + Level 5.5 Short Blades
 + Level 5.5 Long Blades
 + Level 8.6 Axes
 + Level 5.5 Maces & Flails
 + Level 5.5 Polearms
 + Level 5.5 Staves
 + Level 5.5 Ranged Weapons
 + Level 5.5 Throwing
 + Level 5.5 Armour
 + Level 7.2 Dodging
 + Level 5.5 Stealth
 + Level 5.5 Shields
 + Level 5.5 Unarmed Combat
 + Level 7.5 Spellcasting
 + Level 7.2 Conjurations
 + Level 4.5 Hexes
 + Level 4.5 Summonings
 + Level 4.5 Necromancy
 + Level 4.5 Translocations
 + Level 4.5 Fire Magic
 + Level 4.5 Ice Magic
 + Level 4.5 Air Magic
 + Level 4.5 Earth Magic
 + Level 4.5 Alchemy
 + Level 6.0 Invocations
 + Level 5.5 Evocations
 + Level 5.0 Shapeshifting


You had 8 spell levels left.
You knew the following spells:

 Your Spells              Type           Power      Damage    Failure   Level
a - Kiss of Death         Conj/Necr      96%        2d12      1%          1
b - Momentum Strike       Conj/Tloc      48%        3d9       1%          2
c - Hailstorm             Conj/Ice       24%        3d7       4%          3
d - Call Canine Familiar  Summ           20%        N/A       7%          3
e - Swiftness             Air            20%        N/A       7%          3
f - Summon Blazeheart Go  Fire/Summ      20%        N/A       22%         4

Your spell library contained the following spells:

 Spells                   Type           Power      Damage    Failure   Level
 Shock                    Conj/Air       96%        1d9       1%          1
 Summon Small Mammal      Summ           80%        N/A       2%          1
 Airstrike                Air            10%        2d(2-18)  22%         4


Dungeon Overview and Level Annotations

Branches:
Dungeon (10/15)            Temple (1/1) D:4         Ossuary (visited)
   Lair: D:8-11         Orc: D:9-12

Altars:
Ashenzari
Cheibriados
Dithmenos
Elyvilon
Fedhas
Gozag
Hepliaklqana
Makhleb
Nemelex Xobeh
Okawaru
Ru
Sif Muna
Uskayaw
Vehumet
Wu Jian
Xom
Zin
Lugonu

Shops:
D:5 =

Annotations:
D:5 2 runed translucent doors, Rangus's ghost, novice GnWn


Innate Abilities, Weirdness & Mutations

You have very sharp teeth.
Your uncanny sense of smell can sniff out nearby items.
Your experience applies equally to all skills.


Message History

You feel sick. The hornet stings you.
* * * LOW HITPOINT WARNING * * *
You feel yourself slow down. The orc closely misses you. The hornet misses you.
Unknown command.
You closely miss the hornet.
The hornet is severely wounded.
You feel yourself speed up.
You feel sick. The hornet misses you. The orc misses you.
The hornet barely misses you.
You hit the hornet.
The hornet is severely wounded.
You feel sick. The hornet stings you.
* * * LOW HITPOINT WARNING * * *
You feel yourself slow down. The orc barely misses you. The hornet misses you.
You miss the hornet.
The hornet is severely wounded.
You feel yourself speed up.
You feel sick. The orc hits you but does no damage.
The hornet completely misses you. The hornet misses you.
Unknown command.
You closely miss the hornet.
The hornet is severely wounded.
You feel sick.
You are no longer poisoned.
The hornet misses you. The orc closely misses you.
The orc priest looks braver for a moment.
You barely miss the hornet.
The hornet is severely wounded.
The hornet stings you!
* * * LOW HITPOINT WARNING * * *
You suddenly lose the ability to move!
The orc hits you with a +0 short sword.
* * * LOW HITPOINT WARNING * * *
The hornet stings you.
* * * LOW HITPOINT WARNING * * *
You feel yourself slow down.
The orc priest hits you with a +1 mace of holy wrath.
* * * LOW HITPOINT WARNING * * *
The hornet barely misses you. The orc hits you but does no damage.
The orc priest hits you with a +1 mace of holy wrath.
You die...

#. #.. #.. #.. #..##..
#### #####.
?..#..###...## ......
.....<#.....# ###.##
#.#.........# #.#
#.##.o#o....# ###.###
#.##..@yo..#
.#....#####.###.##o.##
...#............# ..#
.#....#####.##### ..#
.##....†.....# ..#
.##########..## ... .#
#...# .#.# .# ##..#
+... .#### #..#


You could see a hornet (drained), an orc priest and 3 orcs.

Vanquished Creatures
  Pikel (D:6)
  Jeremiah (D:6)
  A troll (D:9)
  Grinder (D:5)
  3 yaks (D:9)
  Duvessa (D:6)
  A water moccasin (D:8)
  2 orc warriors
  A black bear (D:5)
  2 ice beasts (D:6)
  An ogre (D:6)
  2 sky beasts
  A centaur (D:9)
  A phantom (D:4)
  A kobold brigand (D:4)
  3 scorpions
  2 wights (D:9)
  Dowan (D:6)
  2 killer bees (D:7)
  3 howler monkeys
  2 bullfrog zombies (Ossuary)
  2 jellies
  A sleepcap (D:5)
  5 hounds
  6 orc priests
  3 iguanas
  Terence (D:3)
  6 mummies (Ossuary)
  Ijyb (D:5)
  2 orc wizards
  4 crocodile zombies (Ossuary)
  3 hound zombies (Ossuary)
  4 howler monkey zombies (Ossuary)
  11 gnolls
  6 adders
  2 ufetubi (D:6)
  4 ribbon worms
  33 orcs
  7 endoplasms
  2 giant cockroaches
  2 goblins
  5 hobgoblins
  4 jackals (D:3)
  11 kobolds
  4 quokkas
  8 ball pythons
  5 ball python zombies (Ossuary)
  8 bats
  8 frilled lizards
  3 rats
194 creatures vanquished.

Vanquished Creatures (collateral kills)
  2 bullfrogs (D:7)
  3 killer bees (D:7)
  An orc (D:7)
6 creatures vanquished.

Vanquished Creatures (others)
  An orc wizard (D:9)
1 creature vanquished.

Grand Total: 201 creatures vanquished

Notes
Turn   | Place    | Note
-------+----------+-------------------------------------------
     0 | D:1      | Aldia the Gnoll Reaver began the quest for the Orb.
     0 | D:1      | Reached XP level 1. HP: 20/20 MP: 6/6
   279 | D:1      | Reached XP level 2. HP: 24/26 MP: 7/7
   304 | D:1      | Learned a level 2 spell: Momentum Strike
   925 | D:2      | Reached skill level 5 in Spellcasting
   925 | D:2      | Reached XP level 3. HP: 23/31 MP: 7/9
  1085 | D:2      | Reached skill level 1 in Invocations
  1296 | D:2      | Reached skill level 1 in Short Blades
  1296 | D:2      | Reached skill level 1 in Long Blades
  1296 | D:2      | Reached skill level 1 in Maces & Flails
  1296 | D:2      | Reached skill level 1 in Polearms
  1296 | D:2      | Reached skill level 1 in Staves
  1296 | D:2      | Reached skill level 1 in Ranged Weapons
  1296 | D:2      | Reached skill level 1 in Throwing
  1296 | D:2      | Reached skill level 1 in Armour
  1296 | D:2      | Reached skill level 1 in Stealth
  1296 | D:2      | Reached skill level 1 in Shields
  1296 | D:2      | Reached skill level 1 in Unarmed Combat
  1296 | D:2      | Reached skill level 1 in Evocations
  1395 | D:2      | Reached skill level 1 in Shapeshifting
  1395 | D:2      | Reached XP level 4. HP: 28/38 MP: 11/11
  1677 | D:3      | Reached skill level 1 in Hexes
  1677 | D:3      | Reached skill level 1 in Summonings
  1677 | D:3      | Reached skill level 1 in Necromancy
  1677 | D:3      | Reached skill level 1 in Translocations
  1677 | D:3      | Reached skill level 1 in Fire Magic
  1677 | D:3      | Reached skill level 1 in Ice Magic
  1677 | D:3      | Reached skill level 1 in Air Magic
  1677 | D:3      | Reached skill level 1 in Earth Magic
  1677 | D:3      | Reached skill level 1 in Alchemy
  1739 | D:3      | Learned a level 3 spell: Hailstorm
  1904 | D:3      | Found a faded altar of an unknown god.
  2313 | D:3      | Found a blossoming altar of Fedhas.
  2379 | D:3      | Noticed Terence
  2401 | D:3      | Killed Terence
  2402 | D:3      | Reached XP level 5. HP: 12/43 MP: 12/12
  3050 | D:4      | Found a sand-covered staircase.
  3052 | D:4      | Noticed a kobold brigand
  3061 | Ossuary  | Entered an ossuary
  3074 | Ossuary  | Reached XP level 6. HP: 49/50 MP: 14/14
  3082 | Ossuary  | Reached skill level 5 in Fighting
  3082 | Ossuary  | Reached skill level 5 in Dodging
  3332 | Ossuary  | Reached skill level 7 in Axes
  3332 | Ossuary  | Reached XP level 7. HP: 56/56 MP: 15/15
  4229 | D:4      | Found a staircase to the Ecumenical Temple.
  4241 | Temple   | Entered the Ecumenical Temple
  4256 | Temple   | Became a worshipper of Lugonu the Unformed
  4456 | D:4      | Found a broken altar of Ashenzari.
  4690 | D:4      | Reached XP level 8. HP: 63/63 MP: 16/16
  4816 | D:5      | Entered Level 5 of the Dungeon
  4905 | D:5      | Found a runed translucent door.
  4906 | D:5      | Noticed Rangus's ghost (novice GnWn)
  4943 | D:5      | Found a runed translucent door.
  5075 | D:5      | Learned a level 3 spell: Call Canine Familiar
  5122 | D:5      | Found Hiedut's Jewellery Shop.
  5158 | D:5      | Noticed Ijyb
  5165 | D:5      | Paralysed by Ijyb for 3 turns
  5172 | D:5      | Killed Ijyb
  5188 | D:5      | Noticed Grinder
  5199 | D:5      | Killed Grinder
  5202 | D:5      | Reached * piety under Lugonu
  5494 | D:5      | Found a radiant altar of Vehumet.
  5729 | D:5      | Found a white marble altar of Elyvilon.
  5834 | D:6      | Noticed Jeremiah
  5976 | D:6      | Killed Jeremiah
  5977 | D:6      | Reached XP level 9. HP: 22/69 MP: 1/18
  6366 | D:6      | Found a snail-covered altar of Cheibriados.
  6463 | D:6      | Noticed Pikel
  6477 | D:6      | Killed Pikel
  6478 | D:6      | Reached skill level 8 in Axes
  6478 | D:6      | Reached skill level 5 in Invocations
  6636 | D:6      | Found a sacrificial altar of Ru.
  6655 | D:6      | Found an iron altar of Okawaru.
  6690 | D:6      | Noticed Duvessa
  6690 | D:6      | Noticed Dowan
  6694 | D:6      | Killed Dowan
  6701 | D:6      | Killed Duvessa
  6751 | D:6      | Found a sparkling altar of Nemelex Xobeh.
  6802 | D:6      | Learned a level 3 spell: Swiftness
  6807 | D:6      | Learned a level 4 spell: Summon Blazeheart Golem
  7044 | D:6      | Found an opulent altar of Gozag.
  7146 | D:7      | Reached skill level 5 in Short Blades
  7146 | D:7      | Reached skill level 5 in Long Blades
  7146 | D:7      | Reached skill level 5 in Maces & Flails
  7146 | D:7      | Reached skill level 5 in Polearms
  7146 | D:7      | Reached skill level 5 in Staves
  7146 | D:7      | Reached skill level 5 in Ranged Weapons
  7146 | D:7      | Reached skill level 5 in Throwing
  7146 | D:7      | Reached skill level 5 in Armour
  7146 | D:7      | Reached skill level 5 in Stealth
  7146 | D:7      | Reached skill level 5 in Shields
  7146 | D:7      | Reached skill level 5 in Unarmed Combat
  7146 | D:7      | Reached skill level 5 in Evocations
  7146 | D:7      | Reached XP level 10. HP: 39/77 MP: 16/20
  7614 | D:7      | You fall into a shaft and drop 3 floors!
  7614 | D:10     | Entered Level 10 of the Dungeon
  7954 | D:9      | Reached ** piety under Lugonu
  8298 | D:8      | Reached skill level 5 in Shapeshifting
  8501 | D:8      | Paralysed by a hornet for 2 turns
  8513 | D:8      | Paralysed by a hornet for 2 turns
  8513 | D:8      | HP: 3/79 [orc priest/+1 mace of holy wrath (2)]
  8514 | D:8      | Slain by an orc priest

Illustrated notes

Levels and vault maps discovered:
D:1:      lightli_arrival_windingriver, layout_basic
D:2:      layout_basic
D:3:      layout_loops_ring, fedhas_altar_4, ebering_ecumenical_altar_abandoned,
          uniq_terence
D:4:      minmay_chambers_of_fours, layout_loops_ring, general_overflow_altar,
          temple_hall, lightli_ossuary_entry_decrepit_ruins, minivault_26
D:5:      layout_loops_ring, lemuel_doored_altar, old_standard_altar,
          serial_shops, shop, ebering_ghost_sewer_f, uniq_grinder, uniq_ijyb
D:6:      layout_basic, jmf_multi_god_temple2, nemelex_altar_shiori,
          kennysheep_mini, slow_altar_1, st_stairs_3, uniq_duvessa, uniq_pikel,
          uniq_jeremiah
D:7:      minmay_chambers_of_sixes, layout_basic, nicolae_tso_carved_into_rock,
          mainiacjoe_overflow_six_doors_small, minmay_misc_feat_pillars,
          nicolae_grassy_gnolls
D:8:      layout_loops_ring, mainiacjoe_overflow_divided_tiny, uniq_grum
D:9:      layout_loops_ring, dpeg_oklobed_lair, serial_shops,
          nicolae_stop_n_shop_2, ploomutoo_gammafunk_ghost_potion_laboratory,
          uniq_maggie
D:10:     layout_layer_cave, nicolae_yredelemnul_ghost_church,
          kennysheep_orc_monster_closet_entryway, serial_bayou_pond_e, uniq_urug
Temple:   corrupted_temple

Skill      XL: |  1  2  3  4  5  6  7  8  9 10 |
---------------+-------------------------------+-----
Spellcasting   | 5 6 7 |  7.5
Invocations    | 1 2 3 4 5 6 |  6.0
Short Blades   | 1 2 3 4 5 |  5.5
Long Blades    | 1 2 3 4 5 |  5.5
Maces & Flails | 1 2 3 4 5 |  5.5
Polearms       | 1 2 3 4 5 |  5.5
Staves         | 1 2 3 4 5 |  5.5
Ranged Weapons | 1 2 3 4 5 |  5.5
Throwing       | 1 2 3 4 5 |  5.5
Armour         | 1 2 3 4 5 |  5.5
Stealth        | 1 2 3 4 5 |  5.5
Shields        | 1 2 3 4 5 |  5.5
Unarmed Combat | 1 2 3 4 5 |  5.5
Evocations     | 1 2 3 4 5 |  5.5
Shapeshifting  | 1 2 3 4 5 |  5.0
Hexes          | 1 2 3 4 |  4.5
Summonings     | 1 2 3 4 |  4.5
Necromancy     | 1 2 3 4 |  4.5
Translocations | 1 2 3 4 |  4.5
Fire Magic     | 1 2 3 4 |  4.5
Ice Magic      | 1 2 3 4 |  4.5
Air Magic      | 1 2 3 4 |  4.5
Earth Magic    | 1 2 3 4 |  4.5
Alchemy        | 1 2 3 4 |  4.5
Fighting       | 5 6 7 |  7.2
Dodging        | 5 6 7 |  7.2
Axes           | 7 8 |  8.6
Conjurations   | 6 7 |  7.2

Action                     |  1- 3 |  4- 6 |  7- 9 | 10-12 || total
---------------------------+-------+-------+-------+-------++-------
  Melee: Hand axe          |   120 |   290 |   273 |       ||   683
         Bite              |     7 |    27 |    43 |    18 ||    95
         Punch             |       |     4 |    13 |     5 ||    22
         Trident           |       |       |    90 |   163 ||   253
   Cast: Momentum Strike   |       |     1 |     6 |       ||     7
         Hailstorm         |       |       |    10 |       ||    10
Ability: Begin Untransform |       |       |     1 |       ||     1
    Use: Scroll            |     2 |     2 |    12 |     1 ||    17
         Potion            |       |     1 |     2 |       ||     3
   Stab: Sleeping          |     1 |     2 |     6 |     1 ||    10
 Armour: Leather armour    |    60 |    15 |       |       ||    75
         Robe              |       |    75 |   123 |    48 ||   246
         Troll leather arm |       |       |       |    28 ||    28
  Dodge: Dodged            |    95 |   267 |   300 |   172 ||   834
   Form: Beast             |       |       |     1 |       ||     1
